 Dungeon Crawl Stone Soup version 0.28.0-53-g5a82cb258f (webtiles) character file.

Game seed: 2094225337664856210

85173 Lutefisk the Scorcher (level 15, -1/138 HPs)
             Began as a Hill Orc Fire Elementalist on Aug 17, 2022.
             Was a High Priest of Vehumet.
             Slain by a shock serpent (8 damage)
             ... on level 2 of the Snake Pit.
             The game lasted 02:22:23 (16851 turns).

Lutefisk the Scorcher (Hill Orc Fire Elementalist) Turns: 16851, Time: 02:22:25

Health: -1/138     AC: 22    Str: 13    XL:     15   Next: 83%
Magic:  2/25       EV: 11    Int: 25    God:    Vehumet [*****.]
Gold:   1378       SH:  6    Dex: 11    Spells: 2/28 levels left

rFire   + . .      SeeInvis .   V - +8 falchion of a sewer {vorpal, rPois rF+ Int+4}
rCold   . . .      Faith    .   n - +0 buckler {AC+3}
rNeg    . . .      Spirit   .   k - +0 acid dragon scales
rPois   +          Reflect  .   J - +2 hat
rElec   .          Harm     .   (no cloak)
rCorr   +          Rampage  .   y - +1 pair of gloves
Will    ++...                   a - +0 pair of boots
Stlth   +.........              z - amulet of regeneration
HPRegen 1.13/turn               r - +4 ring of protection
MPRegen 0.19/turn               o - ring of willpower

@: slowed, constricted, very slow
A: no striking features
a: Renounce Religion


You were on level 2 of the Snake Pit.
You worshipped Vehumet.
Vehumet was extremely pleased with you.
You visited 5 branches of the dungeon, and saw 24 of its levels.

You collected 1922 gold pieces.
You spent 544 gold pieces at shops.

Inventory:

Hand Weapons
 p - a +4 scimitar of flaming
 u - a +2 war axe of venom
 V - the +8 falchion of a sewer (weapon) {vorpal, rPois rF+ Int+4}
   (You found it on level 3 of the Lair of Beasts)

   It inflicts extra damage upon your enemies.
   Int:       It affects your intelligence (+4).
   rF:        It protects you from fire.
   rPois:     It protects you from poison.
Missiles
 f - 40 poisoned darts (quivered)
Armour
 a - a +0 pair of boots (worn)
 k - +0 acid dragon scales (worn)
 n - a +0 buckler of protection (worn)
 s - a +0 kite shield of protection
 y - a +1 pair of gloves (worn)
 J - a +2 hat (worn)
Jewellery
 o - a ring of willpower (right hand)
 r - a +4 ring of protection (left hand)
 w - a ring of flight
 z - an amulet of regeneration (around neck)
 B - a +6 ring of dexterity
 G - a ring of fire
 H - a ring of ice
 I - an amulet of reflection
 S - a ring of wizardry
Wands
 d - a wand of acid (9)
 x - a wand of polymorph (7)
 E - a wand of iceblast (24)
 F - a wand of paralysis (6)
 R - a wand of digging (8)
 Z - a wand of mindburst (2)
Scrolls
 e - 5 scrolls of fog
 g - 3 scrolls of magic mapping
 i - a scroll of silence
 q - 5 scrolls of immolation
 t - 2 scrolls of enchant weapon
 v - 6 scrolls of torment
 A - 2 scrolls of amnesia
 O - a scroll of vulnerability
 T - a scroll of brand weapon
Potions
 b - 3 potions of curing
 c - a potion of magic
 h - 3 potions of cancellation
 j - a potion of invisibility
 l - a potion of attraction
 m - 4 potions of mutation
 C - 3 potions of flight
 M - 2 potions of resistance
 P - a potion of brilliance {unknown}
 Q - 2 potions of ambrosia
Miscellaneous
 L - a condenser vane


   Skills:
 - Level 14.0 Fighting
 - Level 12.0 Armour
 - Level 10.0 Dodging
 - Level 2.0 Stealth
 * Level 9.4 Shields
 - Level 7.0 Spellcasting
 - Level 7.0 Conjurations
 - Level 15.0 Fire Magic
 - Level 5.0 Evocations


You had 2 spell levels left.
You knew the following spells:

 Your Spells              Type           Power      Damage    Failure   Level
a - Foxfire               Conj/Fire      100%       2x1d9     1%          1
b - Scorch                Fire           100%       2d10      1%          2
c - Conjure Flame         Conj/Fire      59%        6-21      1%          3
d - Flame Wave            Conj/Fire      59%        2d11      1%          4
e - Olgreb's Toxic Radia  Pois           8%         N/A       26%         4
f - Spellforged Servitor  Conj/Summ      13%        N/A       99%         7
g - Fireball              Conj/Fire      29%        3d13      1%          5

Your spell library contained the following spells:

 Spells                   Type           Power      Damage    Failure   Level
 Eringya's Noxious Bog    Tmut/Pois      4%         N/A       97%         6
 Shock                    Conj/Air       100%       1d9       1%          1
 Animate Skeleton         Necr           16%        N/A       11%         1
 Apportation              Tloc           16%        N/A       11%         1
 Pain                     Necr           32%        1d5       11%         1
 Summon Small Mammal      Summ           32%        N/A       11%         1
 Inner Flame              Hex/Fire       46%        N/A       1%          3
 Iskenderun's Battlesphe  Conj           43%        2d9       4%          5
 Hailstorm                Conj/Ice       26%        3d7       7%          4
 Lightning Bolt           Conj/Air       13%        1d26      17%         5
 Airstrike                Air            4%         N/A       26%         4
 Swiftness                Air            8%         N/A       32%         3
 Tukima's Dance           Hex            8%         N/A       32%         3
 Conjure Ball Lightning   Conj/Air       13%        3x3d6     65%         6
 Anguish                  Hex/Necr       4%         N/A       71%         4
 Animate Dead             Necr           4%         N/A       71%         4
 Ice Form                 Ice/Tmut       8%         N/A       71%         4
 Summon Lightning Spire   Summ/Air       8%         N/A       71%         4
 Orb of Destruction       Conj           21%        9d8       75%         7
 Agony                    Necr           8%         N/A       96%         5
 Borgnjor's Vile Clutch   Necr/Erth      4%         N/A       96%         5
 Excruciating Wounds      Necr           4%         N/A       96%         5
 Death Channel            Necr           4%         N/A       100%        6
 Simulacrum               Ice/Necr       4%         N/A       100%        6
 Summon Cactus Giant      Summ           4%         N/A       100%        6
 Enfeeble                 Hex            4%         N/A       100%        7


Dungeon Overview and Level Annotations

Branches:
Dungeon (13/15)            Temple (1/1) D:4            Lair (6/6) D:9
  Snake (2/4) Lair:3          Orc (2/2) D:12            Elf (0/3) Orc:2
  Swamp: Lair:2-4    Shoals: Lair:2-4     Slime: Lair:5-6    Vaults: D:13-14

Altars:
Ashenzari
Cheibriados
Dithmenos
Elyvilon
Fedhas
Gozag
Kikubaaqudgha
Makhleb
Nemelex Xobeh
Okawaru
Qazlal
Ru
Sif Muna
Trog
Uskayaw
Vehumet
Wu Jian
Xom
Yredelemnul
Zin
The Shining One

Shops:
D:6 *   D:10 !   Orc:2 [*(=   Snake:1 =:=

Annotations:
D:11 1 runed translucent door
D:13 Frances
Snake:1 2 transporters, Flarelocke's ghost, journeyman MiFi
Orc:2 3 runed translucent doors, Wentworth's ghost, journeyman DrIE


Message History

The flame wave engulfs the naga!
The naga is burned terribly!
You kill the naga!
Vehumet accepts your kill.
The flame wave engulfs the shock serpent!
The shock serpent is heavily wounded.
The shock serpent's electric aura discharges, shocking you!
The anaconda misses you. The anaconda constricts you.
The shock serpent bites you. The shock serpent shocks you!
* * * LOW HITPOINT WARNING * * *
A naga comes into view.
It is wielding a +2 dire flail of protection.
The anaconda barely misses you. The anaconda constricts you.
* * * LOW HITPOINT WARNING * * *
The shock serpent bites you.
* * * LOW HITPOINT WARNING * * *
The shock serpent shocks you!
* * * LOW HITPOINT WARNING * * *
Unknown command.
A wave of flame ripples out!
The flame wave engulfs the anaconda!
The anaconda is heavily wounded.
The flame wave engulfs the shock serpent!
The shock serpent is severely wounded.
The shock serpent's electric aura discharges, shocking you!
* * * LOW HITPOINT WARNING * * *
You block the anaconda's attack. The anaconda constricts you.
The shock serpent bites you but does no damage.
The anaconda misses you. The anaconda constricts you.
* * * LOW HITPOINT WARNING * * *
You block the shock serpent's attack. The anaconda barely misses you.
The anaconda constricts you.
* * * LOW HITPOINT WARNING * * *
Okay, then.
Okay, then.
Okay, then.
A wave of flame ripples out!
The flame wave engulfs the anaconda!!
The anaconda is almost dead.
The flame wave engulfs the shock serpent.
The shock serpent is almost dead.
You finish channelling waves of flame.
You block the anaconda's attack. The anaconda constricts you.
The shock serpent bites you!
You die...

... ... .. ..N ... ...
## #.N# .....# #...##
##...### #.!..####
#....## ##......##
##..^...# #....S)..####.
.#....... #.....@))))...
.................S......
##N...##..........).....
#..## ......####....(
#... ....## ..... ...#
###. .... ...# # ... ...
#.. ...


You could see an anaconda, a shock serpent and a naga.

Vanquished Creatures
  An orc warlord (Orc:1)
  3 naga warriors
  3 hydras
  2 catoblepae
  4 centaur warriors
  3 two-headed ogres
  9 anacondas (Snake:1)
  7 death yaks
  3 shock serpents (Snake:1)
  6 orc high priests (Orc:2)
  5 naga ritualists (Snake:1)
  A lindwurm (Lair:5)
  4 ugly things (D:11)
  9 mana vipers
  2 deep elf pyromancers
  A manticore (D:11)
  7 orc sorcerers
  A salamander (shapeshifter) (D:13)
  6 orc knights
  A cyclops (D:11)
  18 black mambas
  Joseph (Lair:1)
  2 elephants (Lair:5)
  7 centaur zombies
  Maurice (D:10)
  2 naga magi (Snake:2)
  4 gargoyles
  2 rime drakes
  Maggie (D:8)
  9 cane toads
  2 efreet (D:11)
  7 komodo dragons
  Psyche (D:8)
  2 tengu conjurers (D:11)
  A polar bear (Lair:6)
  5 trolls
  5 blink frogs (Lair:3)
  A hornet (D:8)
  17 slime creatures
  11 dream sheep
  3 shadows
  Eustachio (D:4)
  46 yaks
  3 wraiths
  4 basilisks
  5 vampire mosquitoes (D:11)
  A steam dragon (D:9)
  Grum (Lair:1)
  5 wargs
  2 acid dragons
  11 water moccasins
  11 nagas
  43 orc warriors
  A sky beast (D:6)
  An ice beast (D:5)
  A necrophage (D:8)
  9 ogres
  8 wolves
  11 centaurs
  2 phantoms
  5 kobold brigands
  A wyvern zombie (D:8)
  11 bullfrogs
  2 gnoll sergeants (D:12)
  A wyvern skeleton (D:6)
  5 killer bees (D:10)
  5 electric eels
  2 howler monkeys (D:7)
  A hound (D:6)
  A jelly (D:6)
  19 orc priests
  5 iguanas
  26 orc wizards
  4 hell rats (Lair:5)
  A howler monkey zombie (D:9)
  2 gnolls (D:12)
  A howler monkey skeleton (D:4)
  6 adders
  A shadow imp (D:6)
  2 dart slugs (D:1)
  67 orcs
  4 ball pythons
  4 bats (D:2)
  8 endoplasms
  2 giant cockroaches (D:2)
  6 goblins
  6 hobgoblins
  5 jackals
  11 kobolds
  3 quokkas
  2 frilled lizards (D:2)
  8 rats
573 creatures vanquished.

Vanquished Creatures (collateral kills)
  2 foxfires (Lair:5)
2 creatures vanquished.

Vanquished Creatures (others)
  An acid dragon (D:11)
  2 orc wizards
  3 orcs (Orc:1)
  701 foxfires
  30 fungi
  42 plants
  2 withered plants (Lair:6)
781 creatures vanquished.

Grand Total: 1356 creatures vanquished

Notes
Turn   | Place    | Note
-------+----------+-------------------------------------------
     0 | D:1      | Lutefisk the Hill Orc Fire Elementalist began the quest for
                  | the Orb.
     0 | D:1      | Reached XP level 1. HP: 14/14 MP: 3/3
    24 | D:1      | Reached skill level 1 in Fighting
   123 | D:1      | Reached XP level 2. HP: 13/24 MP: 2/4
   323 | D:1      | Found a faded altar of an unknown god.
   485 | D:1      | Reached XP level 3. HP: 29/31 MP: 3/5
   511 | D:1      | Learned a level 2 spell: Scorch
  1061 | D:3      | Reached XP level 4. HP: 37/38 MP: 1/6
  1231 | D:3      | Reached skill level 4 in Fire Magic
  1506 | D:4      | Found a staircase to the Ecumenical Temple.
  1516 | Temple   | Entered the Ecumenical Temple
  1612 | Temple   | Became a worshipper of Vehumet
  1874 | D:4      | Reached XP level 5. HP: 34/46 MP: 3/7
  1952 | D:4      | Noticed Eustachio
  1980 | D:4      | Killed Eustachio
  1981 | D:4      | Reached skill level 5 in Fire Magic
  1981 | D:4      | Reached skill level 5 in Fighting
  1981 | D:4      | Reached XP level 6. HP: 31/56 MP: 1/8
  2058 | D:5      | Entered Level 5 of the Dungeon
  2096 | D:5      | Reached skill level 1 in Armour
  2096 | D:5      | Reached skill level 6 in Fire Magic
  2177 | D:5      | You fall into a shaft and drop 3 floors!
  2183 | D:8      | Learned a level 3 spell: Conjure Flame
  2223 | D:8      | Reached XP level 7. HP: 56/61 MP: 1/9
  2234 | D:8      | Found a basalt altar of Yredelemnul.
  2719 | D:6      | Found Osubleac's Neck Hole.
  2885 | D:6      | Reached XP level 8. HP: 38/70 MP: 2/11
  2962 | D:6      | Reached skill level 7 in Fire Magic
  2965 | D:6      | Reached * piety under Vehumet
  2965 | D:6      | Offered knowledge of Freeze by Vehumet.
  3141 | D:6      | Learned a level 4 spell: Flame Wave
  3186 | D:6      | Reached skill level 8 in Fire Magic
  3396 | D:7      | Reached XP level 9. HP: 79/79 MP: 6/12
  3437 | D:7      | Reached skill level 9 in Fire Magic
  3711 | D:8      | Identified the +6 scythe of Lyaf {drain, Str+7 Stlth+}
  3783 | D:8      | Found a glowing golden altar of the Shining One.
  3785 | D:8      | Found a glowing silver altar of Zin.
  3867 | D:8      | Noticed Maggie
  3873 | D:8      | Killed Maggie
  3907 | D:8      | Noticed Psyche
  3910 | D:8      | Noticed a hornet
  3916 | D:8      | Killed Psyche
  3922 | D:8      | Paralysed by a hornet for 3 turns
  3923 | D:8      | Killed a hornet
  4270 | D:9      | Reached skill level 1 in Evocations
  4295 | D:9      | Reached XP level 10. HP: 79/91 MP: 4/13
  4379 | D:9      | Reached skill level 5 in Conjurations
  4392 | D:9      | Found a staircase to the Lair.
  4610 | Lair:1   | Entered Level 1 of the Lair of Beasts
  4679 | Lair:1   | Reached skill level 10 in Fire Magic
  4689 | Lair:1   | Reached skill level 10 in Fighting
  4752 | Lair:1   | Noticed a black mamba
  4871 | Lair:1   | Reached skill level 5 in Armour
  4964 | Lair:1   | Reached ** piety under Vehumet
  4965 | Lair:1   | Reached skill level 5 in Dodging
  4968 | Lair:1   | Offered knowledge of Sandblast by Vehumet.
  5249 | Lair:1   | Killed a black mamba
  5250 | Lair:1   | Reached XP level 11. HP: 54/99 MP: 6/15
  5255 | Lair:1   | Reached skill level 11 in Fire Magic
  5421 | Lair:1   | Noticed Joseph
  5434 | Lair:1   | Killed Joseph
  5461 | Lair:1   | Noticed Grum
  5483 | Lair:1   | Killed Grum
  5697 | Lair:2   | Noticed a six-headed hydra
  6134 | Lair:2   | Noticed a six-headed hydra
  6189 | Lair:3   | Found an opulent altar of Gozag.
  6415 | Lair:3   | Found a staircase to the Snake Pit.
  6557 | Lair:3   | Identified the +8 falchion of a sewer {vorpal, rPois rF+
                  | Int+4}
  6684 | Lair:4   | Identified the +1 robe of Icves {rF+ rCorr}
  6792 | Lair:4   | Offered knowledge of Ignite Poison by Vehumet.
  6835 | Lair:4   | Reached XP level 12. HP: 109/110 MP: 9/18
  6836 | Lair:4   | Reached *** piety under Vehumet
  6837 | Lair:4   | Reached skill level 12 in Fire Magic
  7193 | Lair:5   | Noticed a five-headed hydra
  7487 | Lair:5   | Noticed a death yak
  7488 | Lair:5   | Noticed a death yak
  7515 | Lair:5   | Noticed a death yak
  7517 | Lair:5   | Killed a death yak
  7521 | Lair:5   | Killed a death yak
  7525 | Lair:5   | Killed a death yak
  7588 | Lair:5   | Offered knowledge of Olgreb's Toxic Radiance by Vehumet.
  7658 | Lair:6   | Entered Level 6 of the Lair of Beasts
  7708 | Lair:6   | Noticed a death yak
  7708 | Lair:6   | Noticed a death yak
  7709 | Lair:6   | Noticed a death yak
  7710 | Lair:6   | Noticed a death yak
  7791 | Lair:6   | Reached skill level 10 in Armour
  7876 | Lair:6   | Killed a death yak
  7891 | Lair:6   | Noticed a death yak
  7916 | Lair:6   | Killed a death yak
  7919 | Lair:6   | Noticed a death yak
  7919 | Lair:6   | Killed a death yak
  7942 | Lair:6   | Killed a death yak
  8073 | Lair:6   | Reached XP level 13. HP: 118/118 MP: 10/19
  8084 | Lair:6   | Learned a level 4 spell: Olgreb's Toxic Radiance
  8306 | Lair:2   | Reached skill level 13 in Fire Magic
  8401 | Lair:2   | Reached **** piety under Vehumet
  8625 | D:9      | Reached skill level 14 in Fire Magic
  8626 | D:9      | Offered knowledge of Yara's Violent Unravelling by Vehumet.
  8725 | D:9      | Found a bloodstained altar of Trog.
  8726 | D:9      | Found a sparkling altar of Nemelex Xobeh.
  8727 | D:9      | Found a sacrificial altar of Ru.
  8864 | D:10     | Entered Level 10 of the Dungeon
  8946 | D:10     | Found Hemuts's Distillery.
  9592 | D:11     | Reached skill level 1 in Shields
  9789 | D:11     | Found a runed translucent door.
  9790 | D:11     | Found a runed translucent door.
  9791 | D:11     | Found a runed translucent door.
  9810 | D:11     | Reached ***** piety under Vehumet
 10264 | D:11     | Reached skill level 5 in Shields
 10339 | D:11     | Reached XP level 14. HP: 129/129 MP: 3/20
 10570 | D:11     | Reached skill level 5 in Evocations
 10771 | D:11     | Offered knowledge of Irradiate by Vehumet.
 10987 | D:12     | Found a broken altar of Ashenzari.
 11255 | D:12     | Reached skill level 5 in Spellcasting
 11658 | D:13     | Noticed Frances
 12398 | D:10     | Noticed Maurice
 12403 | D:10     | Killed Maurice
 13654 | D:12     | Found a staircase to the Orcish Mines.
 13682 | Orc:1    | Entered Level 1 of the Orcish Mines
 13766 | Orc:1    | Offered knowledge of Spellforged Servitor by Vehumet.
 13980 | Orc:2    | Entered Level 2 of the Orcish Mines
 13993 | Orc:2    | Found a runed translucent gate.
 13993 | Orc:2    | Found a runed translucent gate.
 14000 | Orc:2    | Noticed Wentworth's ghost (journeyman DrIE)
 14004 | Orc:2    | Found a runed translucent gate.
 14118 | Orc:2    | Paralysed by an orc sorcerer for 5 turns
 14196 | Orc:1    | Learned a level 7 spell: Spellforged Servitor
 14372 | Orc:2    | Found a staircase to the Elven Halls.
 14518 | Orc:2    | Noticed an orc warlord
 14605 | Orc:1    | Killed an orc warlord
 14884 | Orc:2    | Reached XP level 15. HP: 89/138 MP: 6/23
 15000 | Orc:2    | Reached skill level 10 in Dodging
 15029 | Orc:2    | Learned a level 5 spell: Fireball
 15039 | Orc:2    | Found Ucicil's Antique Armour Boutique.
 15040 | Orc:2    | Found Emporan's Antique Weapon Boutique.
 15042 | Orc:2    | Found Nikal Kei's General Store.
 15042 | Orc:2    | Found Ydikhiv's Jewellery Shop.
 15057 | Orc:2    | Bought an ichor-stained quarterstaff for 288 gold pieces
 15057 | Orc:2    | Identified the +4 quarterstaff "Oti Pogo" {holy, rPois
                  | Will+ SInv} (You bought it in a shop on level 2 of the
                  | Orcish Mines)
 15057 | Orc:2    | Bought a brightly glowing falchion for 256 gold pieces
 15057 | Orc:2    | Identified the +6 falchion of Patterns {protect, rF+ Str+4
                  | Dex-3} (You bought it in a shop on level 2 of the Orcish
                  | Mines)
 15126 | Orc:2    | Offered knowledge of Eringya's Noxious Bog by Vehumet.
 15466 | Snake:1  | Entered Level 1 of the Snake Pit
 15620 | Snake:1  | HP: 5/138 [shock serpent (8)]
 15620 | Snake:1  | HP: 2/138 [shock serpent (3)]
 15631 | Snake:1  | Found a transporter.
 15771 | Snake:1  | Found a transporter.
 15776 | Snake:1  | Noticed Flarelocke's ghost (journeyman MiFi)
 16139 | Snake:1  | HP: 6/138 [constriction (3)]
 16146 | Snake:1  | HP: 6/138 [anaconda (6)]
 16377 | Snake:1  | Reached skill level 15 in Fire Magic
 16587 | Snake:1  | Found Iwni's Jewellery Boutique.
 16588 | Snake:1  | Found Wabaav's Book Emporium.
 16589 | Snake:1  | Found Losyhub's Jewellery Boutique.
 16850 | Snake:2  | HP: 5/138 [constriction (2)]
 16851 | Snake:2  | Slain by a shock serpent

Illustrated notes

Levels and vault maps discovered:
D:1:      dpeg_arrival_shrine, layout_loops_ring,
          dilly_ecumenical_altar_fadedgnrine, minivault_24,
          grunt_decor_arrowhead
D:2:      layout_basic
D:3:      layout_basic
D:4:      corexii_shack_village, layout_basic, minmay_temple_entry_stoned_glass,
          uniq_eustachio
D:5:      layout_loops_ring, kennysheep_big_empty_room,
          hangedman_abyss_or_decor_passed
D:6:      layout_basic, nicolae_shop_sticking_my_neck_out
D:7:      layout_gridville, nicolae_figureground_pulse
D:8:      layout_loops_corners, mainiacjoe_overflow_alcove_2,
          chequers_temple_overflow_statue_of_worship, uniq_maggie, uniq_psyche
D:9:      layout_grid_maze, grunt_temple_overflow_open, lair_entry_dummy
D:10:     layout_stronghold, serial_shops, shop, amcnicky_mini_pool_small,
          uniq_maurice
D:11:     minmay_the_grid_triangle_9x9_recursive_3
          [minmay_the_grid_triangle_9x9_checkered,
          minmay_the_grid_triangle_9x9_zippers_horizontal,
          minmay_the_grid_triangle_9x9_negative_grid,
          minmay_the_grid_triangle_9x9_prize_insulated,
          minmay_the_grid_triangle_9x9_odd_lines,
          minmay_the_grid_triangle_9x9_fully_insulated_deathbox,
          minmay_the_grid_triangle_9x9_pentomino_pain,
          minmay_the_grid_triangle_9x9_windchime,
          minmay_the_grid_triangle_9x9_sprig], layout_basic,
          hangedman_decor_riveting
D:12:     layout_gridville, kennysheep_orc_monster_closet_entryway,
          evilmike_ruin_ashenzari
D:13:     layout_loops_corners, uniq_frances
Temple:   eino_temple_scatter_basement
Lair:1:   layout_hall_layers, grunt_megastairs_2, uniq_grum, uniq_joseph
Lair:2:   layout_loops_ring
Lair:3:   layout_cave_pods, guppyfry_snake_entry_island, basic_altar,
          lemuel_fruit_fields, serial_bayou_shore_a
Lair:4:   wander_river, layout_regular_city, elwin_shoals_entry_rooms
Lair:5:   layout_small_grid
Lair:6:   due_jungle_book, layout_cave_pods, minmay_slime_entry_oklob_enclosed
Snake:1:  layout_onion, gammafunk_ghost_berserking_beasts, minmay_shop_grove
Snake:2:  layout_onion
Orc:1:    layout_diamond_mine
Orc:2:    st_orc_congregation, layout_caves, maelrawn_ghost_gauntlet_escape

Skill      XL: |  1  2  3  4  5  6  7  8  9 10 11 12 13 14 15 |
---------------+----------------------------------------------+-----
Fighting       | 2 3 4 5 6 7 9 10 11 12 13 14 | 14.0
Fire Magic     | 4 5 6 8 9 10 11 12 14 15 | 15.0
Conjurations   | 2 3 4 5 6 7 |  7.0
Armour         | 1 2 3 4 5 7 10 11 12 | 12.0
Dodging        | 2 3 4 5 6 8 9 10 | 10.0
Spellcasting   | 2 3 4 5 7 |  7.0
Evocations     | 1 4 5 |  5.0
Shields        | 5 6 9 |  9.4
Stealth        | 2 |  2.0

Action                   |  1- 3 |  4- 6 |  7- 9 | 10-12 | 13-15 || total
-------------------------+-------+-------+-------+-------+-------++-------
Melee: Dagger            |    62 |    45 |    98 |   143 |    40 ||   388
       Unarmed           |     2 |       |       |       |       ||     2
       Whip              |       |    19 |       |       |       ||    19
       Punch             |       |     2 |       |       |       ||     2
       Falchion          |       |       |       |    28 |   236 ||   264
       Scimitar          |       |       |       |       |    42 ||    42
Throw: Dart              |       |       |       |       |    13 ||    13
       Throwing net      |       |       |       |       |     2 ||     2
 Cast: Foxfire           |    43 |    38 |    46 |   124 |   153 ||   404
       Scorch            |     5 |    10 |    39 |   109 |   222 ||   385
       Conjure Flame     |       |       |     1 |     5 |     6 ||    12
       Flame Wave        |       |       |     3 |    17 |    95 ||   115
       Olgreb's Toxic Ra |       |       |       |       |     1 ||     1
       Fireball          |       |       |       |       |     9 ||     9
Evoke: Wand              |       |       |       |     4 |    25 ||    29
  Use: Scroll            |       |       |       |    19 |     8 ||    27
       Potion            |       |       |       |     2 |    11 ||    13
 Stab: Sleeping          |     1 |       |       |       |       ||     1
       Paralysed         |       |       |       |     6 |       ||     6
       Held in net/web   |       |       |       |       |     1 ||     1
Armor: Leather armour    |    20 |    21 |    44 |    85 |   111 ||   281
       Steam dragon scal |       |       |     8 |    37 |       ||    45
       Acid dragon scale |       |       |       |       |   325 ||   325
Dodge: Dodged            |    45 |    52 |    70 |   203 |   538 ||   908
Block: Buckler           |       |       |       |       |   146 ||   146
